[Event "CAT-chT Honor Division 2019"]
[Site "Catalonia"]
[Date "2019.02.23"]
[Round "6.8"]
[White "Lazaro Pujol, Abel"]
[Black "Gallart Zafra, Jaume"]
[Result "0-1"]
[ECO "B84"]
[WhiteElo "2242"]
[BlackElo "2167"]
[Annotator "NA"]
[PlyCount "194"]
[EventDate "2019.01.16"]
[EventType "team-tourn"]
[EventCountry "ESP"]
[SourceTitle "playchess.com"]
[Source "ChessBase"]
[SourceQuality "1"]
[WhiteTeam "CE Olot"]
[BlackTeam "CE Tres Peons"]
[TimeControl "5400+30"]

1. e4 c5 2. Nf3 d6 3. d4 cxd4 4. Nxd4 Nf6 5. Nc3 a6 6. Be2 e6 7. Be3 Nbd7 8. g4 Nc5 9. f3 b5 10. a3 Bb7 11. Qd2 Rc8 12. O-O-O Qa5 13. Kb1 Qc7 14. g5 Nfd7 15. h4 g6 16. h5 Rg8 17. hxg6 hxg6 18. Rh7 Nb6 19. Ncxb5 axb5 20. Bxb5+ Ke7 21. b4 Ncd7 22. Bxd7 Qxd7 23. Nf5+ gxf5 24. Bxb6 fxe4 25. Bc5 Rxc5 26. bxc5 Qb5+ 27. Kc1 Qxc5 28. Qf4 Qxa3+ 29. Kb1 Bg7 30. Rxg7 Rxg7 31. Qf6+ Ke8 32. Qxg7 Bd5 33. Qb2 Qxb2+ 34. Kxb2 exf3 35. Kc3 Be4 36. Kd2 Kd7 37. c3 d5 38. Ra1 Kd6 39. Ra7 Bg6 40. Ke3 Bh5 41. Ra8 Ke5 42. Rh8 Bg6 43. Rh4 Kf5 44. Kxf3 Kxg5 45. Ra4 Kf5 46. c4 dxc4 47. Rxc4 Ke5 48. Ra4 Kf5 49. Rf4+ Kg5 50. Rg4+ Kf6 51. Ra4 e5 52. Ke3 Kf5 53. Rb4 Kg5 54. Rb5 f6 55. Ra5 Bf5 56. Rb5 Bh3 57. Kf3 Bd7 58. Rc5 Kf5 59. Ke3 Ke6 60. Ra5 f5 61. Ra6+ Kd5 62. Ra5+ Kd6 63. Ra6+ Bc6 64. Ra5 f4+ 65. Ke2 Be4 66. Kf2 Ke6 67. Ke2 Kf5 68. Kf2 Bc2 69. Rc5 Bd3 70. Kf3 Be4+ 71. Kf2 Ke6 72. Ra5 Bc6 73. Ke2 e4 74. Rh5 Be8 75. Ra5 Kf6 76. Rc5 Bd7 77. Ra5 Bf5 78. Ra8 Kg5 79. Rg8+ Bg6 80. Kf2 Kf5 81. Rf8+ Ke5 82. Ra8 e3+ 83. Ke2 Bh5+ 84. Kd3 Bg6+ 85. Ke2 Kf5 86. Rf8+ Ke4 87. Ra8 f3+ 88. Kf1 Bf5 89. Re8+ Kd3 90. Rd8+ Kc2 91. Rf8 Bd3+ 92. Ke1 Be4 93. Rf7 Kd3 94. Rd7+ Kc3 95. Rd8 Kc4 96. Rd7 f2+ 97. Ke2 Bd3+ 0-1

[Event "CAT-chT Honor Division 2019"]
[Site "Catalonia"]
[Date "2019.02.23"]
[Round "6.8"]
[White "Montilla Carrillo, Esteban"]
[Black "Domenech Plana, Jaume"]
[Result "1-0"]
[ECO "D45"]
[WhiteElo "2177"]
[BlackElo "2117"]
[Annotator "NA"]
[PlyCount "87"]
[EventDate "2019.01.16"]
[EventType "team-tourn"]
[EventCountry "ESP"]
[SourceTitle "playchess.com"]
[Source "ChessBase"]
[SourceQuality "1"]
[WhiteTeam "Mollet"]
[BlackTeam "Gerunda"]
[TimeControl "5400+30"]

1. d4 d5 2. Nf3 Nf6 3. c4 c6 4. Nc3 e6 5. e3 Be7 6. Bd3 dxc4 7. Bxc4 O-O 8. O-O c5 9. Qe2 a6 10. dxc5 Bxc5 11. Rd1 Qc7 12. a3 b5 13. Ba2 Bb7 14. b4 Bd6 15. Bb2 Nc6 16. Rac1 Qe7 17. Bb1 Ne5 18. Nxe5 Bxe5 19. f4 Bc7 20. Nxb5 Bb6 21. Nd4 Rac8 22. h3 Rfd8 23. Kh2 Rxc1 24. Rxc1 Qd7 25. Nf3 Ne4 26. Bd4 Bxd4 27. Nxd4 Rc8 28. Rxc8+ Qxc8 29. Qc2 Qxc2 30. Bxc2 Nd2 31. Bd3 Kf8 32. Kg1 Ke7 33. Kf2 Kd6 34. g3 g6 35. Ke2 Ne4 36. Bxe4 Bxe4 37. Nb3 Bd5 38. Nc5 Kc6 39. e4 Bc4+ 40. Kd2 a5 41. Kc3 Bf1 42. h4 axb4+ 43. axb4 Bb5 44. Kd4 1-0

[Event "CAT-chT Honor Division 2019"]
[Site "Catalonia"]
[Date "2019.02.23"]
[Round "6.9"]
[White "Aranda Flores, Jordi"]
[Black "Pinol Clapera, David"]
[Result "1-0"]
[ECO "E65"]
[WhiteElo "2158"]
[BlackElo "2135"]
[Annotator "NA"]
[PlyCount "137"]
[EventDate "2019.01.16"]
[EventType "team-tourn"]
[EventCountry "ESP"]
[SourceTitle "playchess.com"]
[Source "ChessBase"]
[SourceQuality "1"]
[WhiteTeam "CE Tres Peons"]
[BlackTeam "CE Olot"]
[TimeControl "5400+30"]

1. Nf3 Nf6 2. c4 g6 3. b3 Bg7 4. Bb2 O-O 5. g3 d6 6. d4 Nbd7 7. Bg2 c5 8. Nc3 Rb8 9. O-O a6 10. a4 e5 11. dxc5 e4 12. Ng5 e3 13. f4 Nxc5 14. b4 Ne6 15. Nf3 Qb6 16. Qb3 a5 17. Nd5 Nxd5 18. cxd5 Nc5 19. Qxe3 axb4 20. Bxg7 Kxg7 21. Qd4+ Kg8 22. Rfb1 b3 23. Nd2 Qa6 24. e4 Bd7 25. Bf1 Qa5 26. Nxb3 Nxb3 27. Rxb3 Rfc8 28. Qb4 Qc7 29. Qd2 Ra8 30. Qb4 b5 31. a5 Qa7+ 32. Kh1 Rc5 33. Qd2 Qc7 34. Bd3 Ra7 35. Rbb1 f5 36. exf5 gxf5 37. Rc1 b4 38. Be2 Raxa5 39. Rab1 Bc8 40. Qe3 Ra3 41. Qe8+ Kg7 42. Re1 Qf7 43. Qxf7+ Kxf7 44. Rxb4 Ra7 45. Bh5+ Kf6 46. Rd4 Ra2 47. Re2 Rxe2 48. Bxe2 Bb7 49. Bf3 h6 50. Rd2 Rb5 51. Kg2 Rb3 52. Re2 Kf7 53. Bh5+ Kg8 54. Re8+ Kg7 55. Re7+ Kf8 56. Rf7+ Kg8 57. Rxf5 Rb2+ 58. Kf3 Rxh2 59. Bf7+ Kg7 60. Be6 Ba6 61. Rf7+ Kg6 62. Rd7 Be2+ 63. Ke3 Bd1 64. Rxd6 Kg7 65. Rd7+ Kf8 66. Kd4 Rg2 67. Ke5 Ba4 68. Rf7+ Ke8 69. Rg7 1-0

[Event "CAT-chT Honor Division 2019"]
[Site "Catalonia"]
[Date "2019.02.23"]
[Round "6.9"]
[White "Mundet Riera, Jaume"]
[Black "Garcia Marin, Guillem"]
[Result "1-0"]
[ECO "B07"]
[WhiteElo "2090"]
[BlackElo "2067"]
[Annotator "NA"]
[PlyCount "87"]
[EventDate "2019.01.16"]
[EventType "team-tourn"]
[EventCountry "ESP"]
[SourceTitle "playchess.com"]
[Source "ChessBase"]
[SourceQuality "1"]
[WhiteTeam "Gerunda"]
[BlackTeam "Mollet"]
[TimeControl "5400+30"]

1. d4 d6 2. e4 Nf6 3. Nc3 c6 4. f3 e5 5. Nge2 Be7 6. Be3 b5 7. Qd2 a6 8. g4 b4 9. Na4 Nbd7 10. Ng3 Qa5 11. b3 exd4 12. Bxd4 c5 13. Be3 Ne5 14. Bg2 Rb8 15. Nb2 h6 16. O-O O-O 17. h3 c4 18. Nxc4 Nxc4 19. bxc4 Qc7 20. Nf5 Bxf5 21. gxf5 Qxc4 22. Kh1 Kh7 23. Rg1 Rfc8 24. Rac1 Qc3 25. Qf2 Nh5 26. Bf1 Qc6 27. Bd3 Bf6 28. Rg4 Rg8 29. Rcg1 Rbe8 30. Qe2 Bc3 31. Bxa6 Re7 32. Bd3 Nf6 33. Rh4 d5 34. Qg2 dxe4 35. fxe4 Qb7 36. Qg5 Nh5 37. Qxh5 Qc6 38. Qg4 Rge8 39. Qg2 Bf6 40. Rg4 Qc3 41. e5 Qxe5 42. Bd4 Qxd4 43. Rxd4 Bxd4 44. f6+ 1-0

[Event "CAT-chT Honor Division 2019"]
[Site "Catalonia"]
[Date "2019.02.23"]
[Round "6.10"]
[White "Serrat Rifa, Ernest"]
[Black "Marques Taltavull, Antonio"]
[Result "1-0"]
[ECO "C45"]
[WhiteElo "2124"]
[BlackElo "2142"]
[Annotator "NA"]
[PlyCount "123"]
[EventDate "2019.01.16"]
[EventType "team-tourn"]
[EventCountry "ESP"]
[SourceTitle "playchess.com"]
[Source "ChessBase"]
[SourceQuality "1"]
[WhiteTeam "CE Olot"]
[BlackTeam "CE Tres Peons"]
[TimeControl "5400+30"]

1. e4 d6 2. d4 Nf6 3. Bd3 e5 4. Ne2 Be7 5. c4 exd4 6. Nxd4 Nc6 7. Nxc6 bxc6 8. Nc3 O-O 9. O-O Re8 10. b3 Nd7 11. f4 Bf6 12. Bb2 Nc5 13. Bc2 Ne6 14. Qd2 Rb8 15. Rae1 Ba6 16. Bb1 Bd4+ 17. Kh1 Qf6 18. Rf3 Qh6 19. Ref1 Be5 20. g3 Nc5 21. Qe2 Bxc3 22. Bxc3 d5 23. e5 dxc4 24. bxc4 Qe6 25. Qc2 Rxb1 26. Rxb1 Bxc4 27. Kg1 Qd5 28. Qf2 Ne4 29. Qd4 Qxd4+ 30. Bxd4 Nd2 31. Rc3 Nxb1 32. Rxc4 Nd2 33. Rc3 Ne4 34. Rxc6 Re7 35. Bxa7 f5 36. a4 Kf7 37. Bb8 Re8 38. Rxc7+ Kg6 39. Rb7 Rd8 40. Rb2 Rd4 41. a5 Ra4 42. Bc7 h5 43. Kg2 h4 44. Bd8 hxg3 45. hxg3 Ra3 46. e6 Rxg3+ 47. Kh2 Ra3 48. Rg2+ Kh7 49. e7 Nf6 50. Re2 Ne8 51. Re6 Kg8 52. Re5 g6 53. Kg2 Kf7 54. Kf2 Kf6 55. Rc5 Kf7 56. Rc6 Kg7 57. a6 Kf7 58. Ke2 Kg7 59. Bb6 Kf7 60. Bc5 Ra4 61. a7 Ng7 62. Rc8 1-0

[Event "CAT-chT Honor Division 2019"]
[Site "Catalonia"]
[Date "2019.02.23"]
[Round "6.10"]
[White "Fernandez Lozano, Francesc"]
[Black "Carrasco Holgado, David"]
[Result "1/2-1/2"]
[ECO "A80"]
[WhiteElo "1972"]
[BlackElo "2065"]
[Annotator "NA"]
[PlyCount "74"]
[EventDate "2019.01.16"]
[EventType "team-tourn"]
[EventCountry "ESP"]
[SourceTitle "playchess.com"]
[Source "ChessBase"]
[SourceQuality "1"]
[WhiteTeam "Mollet"]
[BlackTeam "Gerunda"]
[TimeControl "5400+30"]

1. d4 f5 2. Bg5 h6 3. Bh4 g5 4. Bg3 Nf6 5. e3 d6 6. h4 g4 7. Nc3 Nh5 8. Nge2 Bg7 9. Qd3 Nc6 10. O-O-O e6 11. f3 Qf6 12. Nb5 Kd8 13. Be1 a6 14. Na3 Bd7 15. c3 Rf8 16. Nc2 Be8 17. Kb1 Ke7 18. Ng3 Rd8 19. Be2 Nxg3 20. Bxg3 h5 21. Bf4 Bh6 22. Bxh6 Qxh6 23. f4 d5 24. g3 Kf6 25. Ne1 Qg7 26. Qc2 Ra8 27. Kc1 Qe7 28. Kd2 Na5 29. b3 Bb5 30. Nd3 Bxd3 31. Bxd3 b5 32. Rb1 Rfc8 33. Qb2 Nb7 34. Ke2 Nd6 35. Qa3 Ne4 36. Qxe7+ Kxe7 37. Bxe4 fxe4 1/2-1/2

[Event "CAT-chT Honor Division 2019"]
[Site "Catalonia"]
[Date "2019.03.02"]
[Round "7.7"]
[White "Hernando Rodrigo, Julio Antonio"]
[Black "Obon Temprano, Sergi"]
[Result "1/2-1/2"]
[ECO "D12"]
[WhiteElo "2308"]
[BlackElo "2273"]
[Annotator "NA RC"]
[PlyCount "68"]
[EventDate "2019.01.16"]
[EventType "team-tourn"]
[EventCountry "ESP"]
[SourceTitle "playchess.com"]
[Source "ChessBase"]
[SourceQuality "1"]
[WhiteTeam "BCN"]
[BlackTeam "Barbera"]
[TimeControl "5400+30"]

1. d4 d5 2. Nf3 Nf6 3. c4 c6 4. e3 Bf5 5. Nc3 e6 6. Bd3 Bxd3 7. Qxd3 Nbd7 8. O-O Bb4 9. Bd2 a5 10. a3 Be7 11. Rfd1 O-O 12. e4 dxe4 13. Nxe4 Nxe4 14. Qxe4 Qc7 15. a4 Rfd8 16. Bf4 Bd6 17. Bg5 Re8 18. c5 Be7 19. Bf4 Qc8 20. Qc2 Nf6 21. Ne5 Nd5 22. Bg3 Bd8 23. Ra3 Bc7 24. Nc4 Rd8 25. Nd6 Bxd6 26. Bxd6 Rd7 27. Rh3 h6 28. Re1 Qd8 29. Qb3 Ne7 30. Rxe6 Nf5 31. Re1 Nxd6 32. cxd6 Qf6 33. d5 cxd5 34. Qxd5 Qxd6 1/2-1/2

[Event "CAT-chT Honor Division 2019"]
[Site "Catalonia"]
[Date "2019.03.02"]
[Round "7.8"]
[White "Codina Garcia, Jose"]
[Black "Plasencia Martinez, Victor"]
[Result "1/2-1/2"]
[ECO "D01"]
[WhiteElo "2081"]
[BlackElo "2177"]
[Annotator "NA RC"]
[PlyCount "47"]
[EventDate "2019.01.16"]
[EventType "team-tourn"]
[EventCountry "ESP"]
[SourceTitle "playchess.com"]
[Source "ChessBase"]
[SourceQuality "1"]
[WhiteTeam "Lleida"]
[BlackTeam "Escola Salou"]
[TimeControl "5400+30"]

1. d4 Nf6 2. Nc3 d5 3. Bg5 Nbd7 4. e3 e6 5. Nf3 Be7 6. Bd3 O-O 7. O-O c5 8. Re1 c4 9. Bf1 b5 10. a3 h6 11. Bxf6 Nxf6 12. e4 b4 13. e5 Nh7 14. Nb1 Qb6 15. axb4 Qxb4 16. Ra2 Bd7 17. Nc3 a5 18. Qa1 Rfb8 19. h4 a4 20. Re3 Qb6 21. g3 g5 22. hxg5 Nxg5 23. Qd1 Qd8 24. Nb1 1/2-1/2

[Event "CAT-chT Honor Division 2019"]
[Site "Catalonia"]
[Date "2019.03.02"]
[Round "7.9"]
[White "Chueca Forcen, Alberto"]
[Black "Martinez Ramirez, Erik"]
[Result "1-0"]
[ECO "D85"]
[WhiteElo "2270"]
[BlackElo "2222"]
[Annotator "NA"]
[PlyCount "61"]
[EventDate "2019.01.16"]
[EventType "team-tourn"]
[EventCountry "ESP"]
[SourceTitle "playchess.com"]
[Source "ChessBase"]
[SourceQuality "1"]
[WhiteTeam "BCN"]
[BlackTeam "Barbera"]
[TimeControl "5400+30"]

1. d4 Nf6 2. c4 g6 3. Nc3 d5 4. cxd5 Nxd5 5. e4 Nxc3 6. bxc3 Bg7 7. Nf3 c5 8. Be3 O-O 9. Be2 Nc6 10. O-O cxd4 11. cxd4 Bg4 12. d5 Bxa1 13. Qxa1 Na5 14. Bh6 f6 15. Bxf8 Kxf8 16. Nd4 Bxe2 17. Ne6+ Kg8 18. Nxd8 Bxf1 19. Qxf1 Rxd8 20. Qb5 b6 21. Qa6 Ra8 22. f4 Kf7 23. Kf2 Ke8 24. Ke3 Kd7 25. g4 h6 26. e5 g5 27. fxg5 hxg5 28. Qb5+ Kc7 29. d6+ exd6 30. exf6 Nb7 31. f7 1-0

[Event "CAT-chT Honor Division 2019"]
[Site "Catalonia"]
[Date "2019.03.02"]
[Round "7.9"]
[White "Plachkinova, Tatjana"]
[Black "Sole Gonzalez, Edgar"]
[Result "1/2-1/2"]
[ECO "D36"]
[WhiteElo "2059"]
[BlackElo "1971"]
[Annotator "NA"]
[PlyCount "63"]
[EventDate "2019.01.16"]
[EventType "team-tourn"]
[EventCountry "ESP"]
[SourceTitle "playchess.com"]
[Source "ChessBase"]
[SourceQuality "1"]
[WhiteTeam "Escola Salou"]
[BlackTeam "Lleida"]
[TimeControl "5400+30"]

1. d4 d5 2. c4 e6 3. Nc3 Nf6 4. cxd5 exd5 5. Qc2 Nbd7 6. Bg5 Be7 7. e3 c6 8. Bd3 O-O 9. Nf3 Re8 10. O-O h6 11. Bh4 Ne4 12. Bxe7 Qxe7 13. Rab1 Ndf6 14. Ne5 Bf5 15. b4 Nxc3 16. Qxc3 Bxd3 17. Qxd3 Nd7 18. Nxd7 Qxd7 19. b5 Rac8 20. h3 Rc7 21. Rfc1 Rec8 22. b6 axb6 23. Rxb6 c5 24. dxc5 Rxc5 25. Rxc5 Rxc5 26. Rb1 Qc7 27. g3 Rc1+ 28. Rxc1 Qxc1+ 29. Kg2 Qc6 30. Qd4 Qc4 31. Qe4 Qc6 32. Qd4 1/2-1/2

[Event "CAT-chT Honor Division 2019"]
[Site "Catalonia"]
[Date "2019.03.02"]
[Round "7.10"]
[White "Rivas Garcia, Victor"]
[Black "Orteu Capdevila, Max"]
[Result "0-1"]
[ECO "B23"]
[WhiteElo "2183"]
[BlackElo "2160"]
[Annotator "NA RC"]
[PlyCount "54"]
[EventDate "2019.01.16"]
[EventType "team-tourn"]
[EventCountry "ESP"]
[SourceTitle "playchess.com"]
[Source "ChessBase"]
[SourceQuality "1"]
[WhiteTeam "Barbera"]
[BlackTeam "BCN"]
[TimeControl "5400+30"]

1. e4 c5 2. Nc3 e6 3. f4 d5 4. Nf3 Nc6 5. Bb5 Nf6 6. Bxc6+ bxc6 7. Qe2 Be7 8. d3 c4 9. dxc4 Ba6 10. Ne5 Qb6 11. Rb1 Bb4 12. Bd2 Bxc3 13. Bxc3 Nxe4 14. Qf3 f6 15. Ng4 Bxc4 16. b3 Ba6 17. Nf2 Nxc3 18. Qxc3 O-O 19. a4 e5 20. f5 e4 21. Rd1 Rad8 22. b4 d4 23. Qb3+ Kh8 24. Ng4 d3 25. cxd3 exd3 26. Kd2 Rfe8 27. Rde1 Re2+ 0-1

[Event "CAT-chT Honor Division 2019"]
[Site "Catalonia"]
[Date "2019.03.02"]
[Round "7.10"]
[White "Ghenghiu, Alex"]
[Black "Saldana Caballe, Enric"]
[Result "1/2-1/2"]
[ECO "A39"]
[WhiteElo "1894"]
[BlackElo "2069"]
[Annotator "NA RC"]
[PlyCount "119"]
[EventDate "2019.01.16"]
[EventType "team-tourn"]
[EventCountry "ESP"]
[SourceTitle "playchess.com"]
[Source "ChessBase"]
[SourceQuality "1"]
[WhiteTeam "Lleida"]
[BlackTeam "Escola Salou"]
[TimeControl "5400+30"]

1. d4 Nf6 2. Nf3 g6 3. g3 Bg7 4. Bg2 c5 5. O-O cxd4 6. Nxd4 O-O 7. c4 Nc6 8. Nc3 Qb6 9. Nc2 d6 10. Ne3 Be6 11. Rb1 Rac8 12. b3 Qa5 13. Bb2 Ng4 14. Nxg4 Bxg4 15. Na4 Qh5 16. Re1 b6 17. Bxg7 Kxg7 18. Nc3 Qe5 19. Qd2 Rfd8 20. Rbd1 Be6 21. e4 Qc5 22. h3 f6 23. Nd5 Rd7 24. b4 Qxc4 25. Bf1 Ne5 26. Bxc4 Nf3+ 27. Kg2 Nxd2 28. Ba6 Rc2 29. Bd3 Rxa2 30. Re2 Nxe4 31. Rxa2 Bxd5 32. Bb5 Bxa2 33. Bxd7 Kf7 34. f3 Nc3 35. Rd3 Nd5 36. b5 Bc4 37. Ra3 Nc7 38. Rxa7 Nxb5 39. Bxb5 Bxb5 40. Rb7 Ke6 41. Rxb6 Bc4 42. Kf2 h5 43. Ke3 h4 44. Rb4 d5 45. gxh4 Kf5 46. Rb7 e5 47. Rh7 d4+ 48. Kf2 Kf4 49. Rh6 Bd3 50. h5 Kg5 51. Rh8 gxh5 52. Kg3 Bg6 53. f4+ exf4+ 54. Kf3 d3 55. Rd8 Bf5 56. h4+ Kxh4 57. Kxf4 Bh7 58. Rf8 Kh3 59. Rxf6 Bg8 60. Ke4 1/2-1/2

[Event "CAT-chT Honor Division 2019"]
[Site "Catalonia"]
[Date "2019.03.16"]
[Round "8"]
[White "Bofill Mas, Alejandro"]
[Black "Villar Reymundo, Juan Antonio"]
[Result "1/2-1/2"]
[ECO "A20"]
[WhiteElo "2324"]
[BlackElo "2214"]
[Annotator "NA"]
[PlyCount "100"]
[EventDate "2019.01.16"]
[EventType "team-tourn"]
[EventCountry "ESP"]
[SourceTitle "playchess.com"]
[Source "ChessBase"]
[SourceQuality "1"]
[TimeControl "5400+30"]

1. c4 e5 2. g3 c6 3. d4 e4 4. Nc3 d5 (4... Bb4 5. Qb3 a5 6. Bf4 d5 7. e3 Nf6 8. a3 Bxc3+ 9. Qxc3 O-O 10. Ne2 h6 11. c5 {0-1 (27) Naiditsch,A (2734)-Anton Guijarro,D (2642) Caleta 2019}) 5. Bg2 Bb4 6. Qb3 {[%emt 0:05:00] A20: English Opening: 1...e5} a5 7. cxd5 cxd5 8. a3 Bxc3+ 9. bxc3 a4 10. Qc2 $146 ({Predecessor:} 10. Qb2 Nf6 11. Nh3 {0-1 (52) Shaw,S (2398)-De Bari,V (2412) ICCF email 2010}) 10... Nc6 11. f3 f5 12. Nh3 Nf6 13. O-O O-O 14. Bg5 exf3 15. Bxf3 Be6 16. Nf4 Qd7 17. Bxf6 Rxf6 18. Nd3 (18. Nxe6 $16 Qxe6 19. Rab1) 18... Bf7 19. Bg2 Qc8 20. Rac1 Na5 21. Ne5 Be6 ({Black should play} 21... Nb3 $14) 22. Qxa4 Nc4 23. Qb4 Nxa3 24. c4 (24. Qb3 $16 Nc4 25. Nxc4 Qxc4 26. Qxc4 (26. Qxb7 Rc8 $16) 26... dxc4 27. Ra1 (27. Bxb7 Ra2 $16)) 24... Nxc4 25. Nxc4 dxc4 26. d5 Bf7 27. Rxc4 Qd7 28. Rfc1 Re8 29. Rc7 Qd6 30. Qxd6 Rxd6 31. Rxb7 Bxd5 32. Bxd5+ Rxd5 33. Rcc7 g6 34. Rg7+ Kh8 35. Rxh7+ Kg8 36. Rbg7+ Kf8 37. Rf7+ Kg8 38. Rhg7+ Kh8 39. Kf2 Rde5 40. Rh7+ Kg8 41. Rfg7+ Kf8 42. Rxg6 Rxe2+ 43. Kf3 R8e4 44. Rg5 R2e3+ 45. Kg2 Re2+ 46. Kf3 R2e3+ 47. Kf2 Re2+ 48. Kf1 Re1+ 49. Kg2 R1e2+ 50. Kf3 $11 R2e3+ 1/2-1/2

[Event "CAT-chT Honor Division 2019"]
[Site "Catalonia"]
[Date "2019.03.16"]
[Round "8"]
[White "Hernandez, Cristian Andres"]
[Black "Plasencia Martinez, Victor"]
[Result "1-0"]
[ECO "A56"]
[WhiteElo "2320"]
[BlackElo "2177"]
[Annotator "ChessBase"]
[PlyCount "117"]
[EventDate "2019.01.16"]
[EventType "team-tourn"]
[EventCountry "ESP"]
[SourceTitle "playchess.com"]
[Source "ChessBase"]
[SourceQuality "1"]
[TimeControl "5400+30"]

1. d4 Nf6 2. c4 c5 3. d5 e5 4. Nc3 d6 5. e4 Be7 6. Nf3 Nbd7 7. Be2 Nf8 8. h4 h5 9. Ng5 Ng6 10. g3 Bd7 11. Bd2 a6 12. a3 Rb8 13. a4 b6 14. Rb1 a5 15. b3 Qc8 16. Nb5 Rb7 17. Na3 Nf8 18. Nc2 N8h7 19. Nxh7 Rxh7 20. Bd3 g6 21. Bc3 Ng4 22. f3 Nh6 23. f4 exf4 24. gxf4 Qd8 25. Kd2 Bxh4 26. Ne3 Ng4 27. Nxg4 Bxg4 28. Qg1 f5 29. e5 Kf8 30. Kc2 Rhf7 31. Rf1 Rh7 32. Qh2 Be7 33. Rhg1 Kg8 34. Re1 Rd7 35. Re3 Bh4 36. Rh1 Be7 37. Rg3 Bf8 38. Kb1 Rdf7 39. Re1 Be7 40. Rgg1 Bh4 41. Re3 Rd7 42. Ba1 Be7 43. Rge1 Bh4 44. Rg1 Be7 45. Bc3 Bh4 46. Ka2 Be7 47. Be1 Ra7 48. Qc2 Kf8 49. Bc3 Rf7 50. exd6 Bxd6 51. Re6 Bxf4 52. Rxg6 Be3 53. Re1 f4 54. Rh6 Ke7 55. Qh2 Ke8 56. Rh8+ Rf8 57. Qxf4 Rxh8 58. Rxe3+ Re7 59. Bxh8 1-0

[Event "CAT-chT Honor Division 2019"]
[Site "Catalonia"]
[Date "2019.03.16"]
[Round "8"]
[White "Obon Temprano, Sergi"]
[Black "Plachkinova, Tatjana"]
[Result "1-0"]
[ECO "D00"]
[WhiteElo "2273"]
[BlackElo "2059"]
[Annotator "NA"]
[PlyCount "72"]
[EventDate "2019.01.16"]
[EventType "team-tourn"]
[EventCountry "ESP"]
[SourceTitle "playchess.com"]
[Source "ChessBase"]
[SourceQuality "1"]
[TimeControl "5400+30"]

1. d4 Nf6 2. Nc3 d5 3. Bf4 c6 4. Nf3 (4. e3 Bf5 5. Nf3 h6 6. Ne5 Nbd7 7. g4 Bh7 8. h4 Nxe5 9. dxe5 Ne4 10. Nxe4 Bxe4 11. f3 Bh7 12. e6 {1-0 (57) Bortnyk,O (2610)-Dreev,A (2653) Riadh 2017}) 4... e6 5. e3 Bd6 6. Bd3 {D00: 1 d4 d5: Unusual lines} O-O 7. O-O Re8 $146 ({Predecessor:} 7... Bxf4 8. exf4 c5 9. dxc5 Qa5 10. Ne5 Qxc5 11. Qf3 Nc6 12. Qh3 {1-0 (36) Franco Valencia,A (2270)-Rodriguez Rueda,P (2348) Palmira 2017}) 8. Ne5 Be7 9. Bg5 Nbd7 10. f4 c5 11. Kh1 h6 12. Bh4 Qb6 13. Na4 Qa5 14. c3 ({Better is} 14. Bxf6 $1 $16 Nxf6 15. Nxc5) 14... c4 15. b4 Qc7 16. Bc2 g6 (16... b6 $11) 17. Nc5 Nf8 (17... Nxe5 $1 $14 18. fxe5 Nh7) 18. Qf3 b6 19. Na4 Bd7 20. g4 Ne4 $1 21. Be1 f6 22. Nxd7 Qxd7 23. Nb2 f5 24. Bxe4 dxe4 (24... fxe4 $15 25. Qh3 Bd8) 25. Qh3 b5 26. gxf5 exf5 27. Qxh6 Qd8 28. Rg1 Bf6 29. Rxg6+ $1 Nxg6 30. Qxg6+ Bg7 31. Qxf5 a6 32. a4 Qf6 $18 33. Qg4 Kf8 34. Bh4 Qf7 35. Rg1 Rab8 36. Qg5 Qd7 1-0

[Event "CAT-chT Honor Division 2019"]
[Site "Catalonia"]
[Date "2019.03.16"]
[Round "8"]
[White "Montell Lorenzo, Joan Carlos"]
[Black "Alonso Moyano, Jonathan"]
[Result "0-1"]
[ECO "B50"]
[WhiteElo "2267"]
[BlackElo "2374"]
[Annotator "NA"]
[PlyCount "79"]
[EventDate "2019.01.16"]
[EventType "team-tourn"]
[EventCountry "ESP"]
[SourceTitle "playchess.com"]
[Source "ChessBase"]
[SourceQuality "1"]
[TimeControl "5400+30"]

1. e4 c5 2. Nf3 d6 3. c3 Nf6 4. Be2 Nbd7 5. d3 e5 (5... g6 6. O-O Bg7 7. Nbd2 O-O 8. d4 Qc7 9. Re1 b6 10. Bd3 e6 11. Nf1 Bb7 12. Ng3 Rac8 13. Bg5 h6 14. Bd2 e5 15. d5 c4 16. Bc2 b5 17. h4 h5 {½-½ (64) Iordachescu,V (2597)-Parligras,M (2645) Bucharest 2018}) 6. O-O {B50: Sicilian: 2...d6, Miscellaneous} Be7 7. Nbd2 O-O 8. Re1 b6 9. Nf1 Bb7 10. Ne3 $146 ({Predecessor:} 10. Ng3 d5 11. Bf1 d4 12. c4 Qc7 13. h3 Rae8 14. Nh2 Kh8 15. Be2 {½-½ (39) Willemze,T (2384)-Hort,V (2501) Hoogeveen 2006}) 10... g6 11. c4 Ne8 12. Nd5 Ng7 13. Bh6 f5 14. Nxe7+ Qxe7 15. Ng5 Rfe8 16. Bf3 f4 17. Bg4 Nf6 18. g3 Bc8 19. Bxc8 Raxc8 20. gxf4 Nfh5 21. fxe5 dxe5 22. Qg4 Nf6 23. Qh4 Ngh5 24. Nh3 Qd7 25. Bg5 Rc6 26. Rad1 Kg7 27. Be3 Rd6 28. f3 Rxd3 29. Nf2 Rxd1 30. Rxd1 Qa4 31. Rd6 Qxc4 32. Bg5 Rf8 33. Ng4 Nxg4 34. Rd7+ Rf7 35. Qxg4 Qxa2 36. Rd8 Qb1+ 37. Kg2 Qxb2+ 38. Kh3 $2 (38. Kg1 {might work better.}) 38... Qe2 39. Rd2 (39. Rd7 $19 Qc4 40. Kg2) 39... Qxf3+ $19 (39... Rxf3+ $142 40. Qg3 Qf1+ 41. Kh4 Nxg3 42. Rd7+ Kg8 43. Rd8+ Kf7 44. Rd7+ Ke6 45. Re7+ Kd6 46. Bf4 Rxf4+ {[%mdl 64] Double Attack} 47. Kg5 Qh3 48. Rd7+ Kxd7 49. hxg3 Qh5#) 40. Qxf3 0-1

[Event "CAT-chT Honor Division 2019"]
[Site "Catalonia"]
[Date "2019.03.16"]
[Round "8"]
[White "Cuadras Avellana, Jordi"]
[Black "Lorenzo De La Riva, Lazaro"]
[Result "0-1"]
[ECO "A25"]
[WhiteElo "2245"]
[BlackElo "2397"]
[Annotator "ChessBase"]
[PlyCount "119"]
[EventDate "2019.01.16"]
[EventType "team-tourn"]
[EventCountry "ESP"]
[SourceTitle "playchess.com"]
[Source "ChessBase"]
[SourceQuality "1"]
[TimeControl "5400+30"]

1. c4 e5 2. Nc3 Nc6 3. g3 Bc5 4. Bg2 d6 5. e3 Bf5 6. a3 a5 7. Nge2 Qd7 8. d4 Ba7 9. d5 Nce7 10. b4 Nf6 11. Bb2 Bh3 12. Bxh3 Qxh3 13. Ng1 Qd7 14. Qf3 O-O 15. Nge2 c6 16. O-O cxd5 17. cxd5 Rfc8 18. Rfd1 Rc4 19. bxa5 e4 20. Qg2 Ng6 21. Nd4 Re8 22. Ncb5 Bxd4 23. Nxd4 Ne5 24. Rac1 Ra4 25. h3 h5 26. Rc2 Rxa5 27. Rdc1 Rc5 28. Rxc5 dxc5 29. Rxc5 Nd3 30. Rb5 Nxd5 31. Qf1 Re5 32. a4 Rg5 33. Ne2 Nxe3 34. fxe3 Rxb5 35. axb5 Nxb2 36. Nd4 g6 37. Kh2 Nd3 38. Qf6 Qd5 39. g4 Qa2+ 40. Kg1 Qd2 41. Nf5 Qf2+ 42. Kh1 Qe1+ 43. Kg2 Qd2+ 44. Kg1 Qc1+ 45. Kg2 Qc2+ 46. Kg1 Qc1+ 47. Kg2 Qd2+ 48. Kg1 Qd1+ 49. Kh2 Qe2+ 50. Kg1 Qf2+ 51. Kh1 Qf3+ 52. Kh2 Qe2+ 53. Kg1 Qd1+ 54. Kh2 Qc2+ 55. Kg1 Qc1+ 56. Kh2 Qc7+ 57. Nd6 h4 58. Kg1 Qc1+ 59. Kh2 Qd2+ {[%emt 0:00:08] Kg2} 60. Kh1 0-1